AoeStats
← 礁溪羅志祥

African Clearing

510801379Analyzed
4v4 RM · 20h ago on Oct 2, 2026· 43m 20s· 8 players
Game mode
Random Map
Map size
Large (8 player)
Population
200
Speed
Normal
Resources
Standard
Victory
Conquest
Starting age
Dark Age
Ending age
Imperial Age
RankedLock teamsTeams togetherTeam positionsShared explorationLock speedFull tech treeHidden civsTurbo modeCheats
Victory
Defeat
🇺🇸 Spanish · United States
1380
+14
🇵🇪 Persians · Peru
1302
+17
🇳🇴 Mongols · Norway
1256
+19
🇳🇱 Chinese · Netherlands
1255
+19
🇹🇼 Spanish · Taiwan
1478
-24
🇭🇰 Bulgarians · Hong Kong SAR China
1333
-18
🇻🇳 Huns · Vietnam
1316
-17
🇹🇼 Persians · Taiwan
1149
-10
b09581270
7:56 Loom
13:39 Feudal Age
17:18 Castle Age
15:42 Double-Bit Axe
16:46 Horse Collar
16:58 Stone Mining
19:13 Pikeman
28:03 Wheelbarrow
29:36 Bow Saw
30:16 Gold Mining
31:22 Hand Cart
30:53 Town Watch
32:05 Fletching
39:39 Imperial Age
37:54 Scale Mail Armor
38:09 Forging
38:03 Scale Mail Armor
39:09 Iron Casting
39:05 Squires
39:22 Chain Mail Armor
39:46 Halberdier
41:28 Blast Furnace
40:59 Plate Mail Armor
礁溪羅志祥
14:10 Feudal Age
15:17 Double-Bit Axe
15:48 Loom
24:31 Castle Age
39:20 Masonry
39:37 Fletching
40:44 Bodkin Arrow
lebron
9:10 Loom
13:50 Feudal Age
18:18 Castle Age
16:14 Double-Bit Axe
17:11 Gold Mining
19:34 Wheelbarrow
22:56 Stone Mining
24:55 Bow Saw
24:39 Fletching
32:25 Gold Shaft Mining
33:33 Hand Cart
35:43 Scale Barding Armor
35:11 Light Cavalry
39:19 Chain Barding Armor
ThanhLe
6:52 Loom
16:03 Feudal Age
20:47 Castle Age
21:07 Fletching
26:44 Bodkin Arrow
28:55 Padded Archer Armor
29:40 Leather Archer Armor
32:21 Bloodlines
33:20 Husbandry
36:36 Ballistics
36:55 Double-Bit Axe
36:51 Horse Collar
41:19 Imperial Age
39:10 Gold Mining
41:18 Gold Shaft Mining
41:52 Heavy Cavalry Archer
41:59 Elite Skirmisher
I ONLY MAKE SIEGE TOWERS
4:39 Loom
12:40 Feudal Age
14:21 Double-Bit Axe
22:58 Castle Age
22:07 Horse Collar
24:18 Bow Saw
24:05 Gold Mining
29:42 Bloodlines
32:51 Town Watch
38:43 Imperial Age
39:16 Imperial Age
37:20 Fletching
37:33 Padded Archer Armor
39:34 Wheelbarrow
39:17 Husbandry
39:50 Elite Conquistador
41:03 Bodkin Arrow
41:25 Stone Mining
Peru_o_O
4:07 Loom
12:49 Feudal Age
13:44 Double-Bit Axe
17:39 Scale Barding Armor
18:36 Wheelbarrow
21:09 Castle Age
19:31 Forging
21:40 Castle Age
20:37 Bloodlines
22:35 Chain Barding Armor
25:30 Horse Collar
28:47 Hand Cart
29:59 Husbandry
30:24 Bow Saw
32:02 Iron Casting
34:37 Gold Mining
37:19 Imperial Age
36:46 Gold Shaft Mining
36:17 Town Watch
36:39 Stone Mining
38:25 Plate Barding Armor
38:04 Cavalier
40:05 Conscription
41:17 Blast Furnace
40:42 Kamandaran
40:33 Fletching
41:17 Ballistics
41:58 Chemistry
42:15 Padded Archer Armor
41:38 Crossbowman
42:24 Thumb Ring
42:45 Bodkin Arrow
42:54 Heavy Plow
42:38 Light Cavalry
42:41 Savar
Maudje10
3:19 Loom
13:42 Feudal Age
14:49 Double-Bit Axe
18:18 Fletching
18:29 Padded Archer Armor
23:32 Castle Age
33:01 Bodkin Arrow
33:22 Leather Archer Armor
35:54 Crossbowman
36:51 Thumb Ring
42:56 Masonry
43:47 Bow Saw
Nutty
11:38 Loom
13:24 Feudal Age
17:20 Castle Age
15:28 Fletching
15:39 Padded Archer Armor
18:49 Bodkin Arrow
22:09 Gold Mining
27:13 Double-Bit Axe
31:53 Leather Archer Armor
32:19 Ballistics
32:11 Bow Saw
33:26 Nomads
40:25 Gold Shaft Mining
43:11 Wheelbarrow
Connection lost

Rejoining the realm…

Still unreachable

The connection could not be restored.

Session expired

The server has moved on; the page needs a fresh start.